 Dungeon Crawl Stone Soup version 0.27-a0-1123-g2f9bb313c0 (webtiles) character file.

Game seed: 16562694592873753399

7511 snetch the Cleaver (level 11, -1/87 (94) HPs)
             Began as a Hill Orc Fighter on May 3, 2021.
             Was a Priest of Beogh.
             Slain by a troll (7 damage)
             ... on level 9 of the Dungeon.
             The game lasted 00:37:45 (12657 turns).

snetch the Cleaver (Hill Orc Fighter)              Turns: 12657, Time: 00:37:46

HP:   -1/87 (94)    AC: 18    Str: 22    XL:     11   Next: 16%
MP:   11/11         EV:  8    Int: 14    God:    Beogh [***...]
Gold: 528           SH: 11    Dex: 13    Spells: 10/10 levels left

rFire    . . .     SeeInvis .   e - +1 hand axe (venom)
rCold    + . .     Faith    .   t - +0 kite shield
rNeg     . . .     Spirit   .   n - +3 chain mail of Muujek {rC+ Str+4 Dex-5}
rPois    .         Reflect  .   K - +0 helmet
rElec    .         Harm     .   H - +0 cloak {rCorr}
rCorr    +         Rampage  .   s - +0 pair of gloves
Will     .....                  (no boots)
Stlth    ..........             (no amulet)
HPRegen  0.24/turn              L - +6 ring of dexterity
MPRegen  0.12/turn              S - ring of Gefim {Fly Str-5 Int+6 Dex+2 Slay+3}

@: flying, drained
A: no striking features
a: Renounce Religion, Smiting


You were on level 9 of the Dungeon.
You worshipped Beogh.
Beogh was most pleased with you.
You visited 2 branches of the dungeon, and saw 11 of its levels.

You collected 528 gold pieces.

Inventory:

Hand Weapons
 a - a +0 flail of protection
 b - a +2 spear
 c - a +1 flail of holy wrath
 e - a +1 hand axe of venom (weapon)
 f - a +0 whip of electrocution
 w - a +3 scimitar of freezing
Missiles
 d - 8 atropa-tipped darts
 g - 387 stones
 h - 170 bolts
 o - 78 arrows
 y - 44 poisoned darts (quivered)
 E - 2 boomerangs
 M - 21 sling bullets
 U - 6 silver javelins
Armour
 n - the +3 chain mail of Muujek (worn) {rC+ Str+4 Dex-5}
   (You acquired it on level 6 of the Dungeon)

   It affects your strength (+4).
   It affects your dexterity (-5).
   It protects you from cold.
 s - a +0 pair of gloves (worn)
 t - a +0 kite shield (worn)
 H - a +0 cloak of preservation (worn)
 K - a +0 helmet (worn)
 V - +2 fire dragon scales
Jewellery
 C - a ring of ice
 G - a ring of positive energy
 L - a +6 ring of dexterity (left hand)
 P - a ring of magical power
 Q - a ring of protection from fire
 S - the ring of Gefim (right hand) {Fly Str-5 Int+6 Dex+2 Slay+3}
   (You found it on level 7 of the Dungeon)

   [ring of intelligence]

   It affects your strength (-5).
   It affects your intelligence (+6).
   It affects your dexterity (+2).
   It affects your accuracy and damage with ranged weapons and melee attacks
   (+3).
   It grants you flight.
 W - a +6 ring of intelligence
Wands
 l - a wand of flame (22)
 p - a wand of iceblast (11)
 r - a wand of charming (16)
 v - a wand of digging (7)
 D - a wand of acid (10)
Scrolls
 i - 4 scrolls of immolation
 j - a scroll of blinking
 k - a scroll of enchant weapon
 q - 2 scrolls of enchant armour {unknown}
 x - 4 scrolls of teleportation {unknown}
 A - 2 scrolls of noise {unknown}
 J - a scroll of fog {unknown}
 N - 2 scrolls of vulnerability
 R - a scroll of amnesia
 X - a scroll of magic mapping {unknown}
 Z - a scroll of torment {unknown}
Potions
 m - 2 potions of curing
 u - a potion of magic {unknown}
 z - 3 potions of brilliance {unknown}
 B - 3 potions of attraction
 F - a potion of berserk rage {unknown}
 I - a potion of might
 O - a potion of ambrosia
 Y - a potion of mutation {unknown}
Miscellaneous
 T - a tin of tremorstones (2/2)


   Skills:
 + Level 8.1 Fighting
 + Level 10.0(11.5) Axes
 + Level 7.9(9.5) Maces & Flails
 + Level 0.1(5.1) Polearms
 + Level 1.1 Throwing
 + Level 9.4 Armour
 + Level 3.1 Dodging
 + Level 0.7 Stealth
 + Level 8.3 Shields
 + Level 2.5 Evocations


You had 10 spell levels left.
You didn't know any spells.
Your spell library contained the following spells:

 Spells                   Type           Power      Damage    Failure   Level
 Animate Skeleton         Necr           0%         N/A       99%         1
 Apportation              Tloc           0%         N/A       99%         1
 Beastly Appendage        Tmut           0%         N/A       99%         1
 Corona                   Hex            0%         N/A       99%         1
 Freeze                   Ice            0%         1d3       99%         1
 Summon Small Mammal      Summ           0%         N/A       99%         1
 Ensorcelled Hibernation  Hex/Ice        0%         N/A       100%        2
 Wereblood                Tmut           0%         N/A       100%        2
 Confusing Touch          Hex            0%         N/A       100%        3
 Dazzling Flash           Conj/Hex       0%         N/A       100%        3
 Frozen Ramparts          Ice            0%         1d2       100%        3
 Ozocubu's Armour         Ice            0%         N/A       100%        3
 Spider Form              Tmut/Pois      0%         N/A       100%        3
 Tukima's Dance           Hex            0%         N/A       100%        3
 Cause Fear               Hex            0%         N/A       100%        4
 Hailstorm                Conj/Ice       0%         3d3       100%        4
 Ice Form                 Ice/Tmut       0%         N/A       100%        4
 Agony                    Necr           0%         N/A       100%        5
 Borgnjor's Vile Clutch   Necr/Erth      0%         N/A       100%        5
 Hydra Form               Tmut           0%         N/A       100%        5
 Metabolic Englaciation   Hex/Ice        0%         N/A       100%        5


Dungeon Overview and Level Annotations

Branches:
Dungeon (10/15)            Temple (1/1) D:4
   Lair: D:8-11         Orc: D:9-12

Altars:
Ashenzari
Cheibriados
Dithmenos
Elyvilon
Fedhas
Gozag
Hepliaklqana
Kikubaaqudgha
Makhleb
Nemelex Xobeh
Okawaru
Qazlal
Ru
Sif Muna
Trog
Uskayaw
Vehumet
Xom
Zin
The Shining One

Annotations:
D:7 deep elf pyro, cyclops, Menkaure
D:8 3 runed translucent doors, indyram44's ghost, novice GrGl
D:10 Nergalle


Message History

You block the troll's attack. x3
The wyvern bites you but does no damage.
You fly upwards.
There is a stone staircase leading down here.
You feel better. You block the wyvern's attack. You block the troll's attack.
The troll claws you. The troll claws you but does no damage.
You hit the troll.
The troll is lightly wounded.
You hit the wyvern but do no damage.
The wyvern is poisoned.
You block the wyvern's attack. The troll bites you!
* * * LOW HITPOINT WARNING * * *
You block the troll's attack. The troll claws you but does no damage.
You block the wyvern's attack.
You hit the troll.
The troll is poisoned.
The troll is moderately wounded.
You closely miss the wyvern. You block the troll's attack.
The troll claws you but does no damage. You block the troll's attack.
You block the wyvern's attack.
Unknown command.
You hit the troll.
The troll is moderately wounded.
You hit the wyvern.
The wyvern looks as sick as possible!
You block the wyvern's attack. You block the troll's attack.
The troll barely misses you. The troll closely misses you.
Unknown command.
You barely miss the troll.
The troll is moderately wounded.
You slash the wyvern!
The wyvern looks as sick as possible!
The wyvern bites you but does no damage.
The troll barely misses you. The troll claws you.
* * * LOW HITPOINT WARNING * * *
The troll claws you.
* * * LOW HITPOINT WARNING * * *
The wyvern bites you but does no damage.
You slash the troll!
The troll looks as sick as possible!
The troll is heavily wounded.
You barely miss the wyvern. You block the wyvern's attack. The troll bites you.
* * * LOW HITPOINT WARNING * * *
You block the troll's attack. The troll claws you!
You die...

.......................#
...#########.[.....#...#
...........)...........#
############...####....#
...........#.#.#..#.#..#
..o........#...#..#.#..#
#'##########...#.##....#
............####.#.....#
##.......##.#..T@#..##.#
............#.#l##.....#
####........#.#........#
#.....##.#.#.###..#.#
####........###........#
.......................#
..####################.#
..####################.#
......|..|.............#


You could see a troll (extremely poisoned) and a wyvern (extremely poisoned).

Vanquished Creatures
  Pikel (D:6)
  An unseen horror (D:7)
  A troll (D:7)
  A hornet (D:7)
  Sigmund (D:3)
  8 yaks
  A wyvern (D:8)
  Eustachio (D:6)
  A steam dragon (D:7)
  Edmund (D:4)
  3 water moccasins
  A black bear (D:8)
  3 orc warriors
  A hornet zombie (D:6)
  2 sky beasts
  2 necrophages (D:4)
  2 ogres
  2 centaurs
  2 phantoms (D:5)
  A kobold brigand (D:6)
  7 bullfrogs
  Blork the orc (D:6)
  A scorpion (D:4)
  2 water moccasin skeletons
  7 killer bees
  8 wights (D:8)
  4 howler monkeys
  An electric eel (D:8)
  2 bullfrog zombies
  3 centaur zombies
  2 jellies
  4 hounds
  An orc priest (D:9)
  A gnoll shaman (D:8)
  Crazy Yiuf (D:6)
  Jessica (D:2)
  A centaur skeleton (D:7)
  2 iguanas
  4 orc wizards
  A hound skeleton (D:5)
  Robin (D:4)
  A howler monkey zombie (D:6)
  7 gnolls
  A howler monkey skeleton (D:7)
  5 adders
  2 shadow imps
  2 white imps (D:7)
  3 ufetubi
  3 dart slugs
  24 orcs
  5 bats
  6 endoplasms
  A giant cockroach (D:2)
  16 goblins
  12 hobgoblins
  14 jackals
  5 quokkas
  6 ball pythons
  4 frilled lizards
  10 kobolds
  5 rats
223 creatures vanquished.

Vanquished Creatures (collateral kills)
  4 yaks
  An orc wizard (D:10)
5 creatures vanquished.

Vanquished Creatures (others)
  An orc priest (D:4)
  2 orc wizards
  2 orcs
  A goblin (D:4)
  3 plants (D:8)
9 creatures vanquished.

Grand Total: 237 creatures vanquished

Notes
Turn   | Place    | Note
-------+----------+-------------------------------------------
     0 | D:1      | snetch the Hill Orc Fighter began the quest for the Orb.
     0 | D:1      | Reached XP level 1. HP: 19/19 MP: 1/1
   195 | D:1      | Reached XP level 2. HP: 20/27 MP: 2/2
   518 | D:1      | Reached skill level 3 in Axes
   639 | D:3      | Reached XP level 3. HP: 24/33 MP: 3/3
   803 | D:1      | Reached XP level 4. HP: 38/40 MP: 4/4
   996 | D:2      | Reached skill level 4 in Axes
  1733 | D:2      | Noticed Jessica
  1739 | D:2      | Killed Jessica
  1740 | D:2      | Reached XP level 5. HP: 26/46 MP: 5/5
  2409 | D:3      | Found a faded altar of an unknown god.
  2444 | D:4      | Reached skill level 5 in Axes
  2451 | D:4      | Became a worshipper of Beogh the Brigand
  2880 | D:3      | Noticed Sigmund
  3081 | D:4      | Noticed a necrophage
  3097 | D:5      | Entered Level 5 of the Dungeon
  3227 | D:5      | Reached XP level 6. HP: 42/53 MP: 6/6
  3504 | D:5      | Reached skill level 6 in Axes
  3797 | D:5      | Reached XP level 7. HP: 54/60 MP: 7/7
  3825 | D:5      | Reached skill level 5 in Fighting
  3825 | D:5      | Reached skill level 1 in Maces & Flails
  3825 | D:5      | Reached skill level 5 in Armour
  3825 | D:5      | Reached skill level 1 in Dodging
  3827 | D:5      | Reached skill level 5 in Shields
  4059 | D:6      | Noticed Eustachio
  4080 | D:6      | Noticed Blork the orc
  4082 | D:6      | Killed Eustachio
  4188 | D:6      | Killed Blork the orc
  4189 | D:6      | Reached skill level 1 in Evocations
  4694 | D:5      | Reached XP level 8. HP: 58/68 MP: 8/8
  5012 | D:4      | Found a staircase to the Ecumenical Temple.
  5021 | Temple   | Entered the Ecumenical Temple
  5429 | D:4      | Noticed Edmund
  5429 | D:4      | Noticed Robin
  5473 | D:4      | Killed Edmund
  5489 | D:4      | Killed Robin
  5489 | D:4      | Reached * piety under Beogh
  5770 | D:3      | Killed Sigmund
  5771 | D:3      | Reached skill level 7 in Axes
  6549 | D:6      | Reached skill level 8 in Axes
  6549 | D:6      | Reached XP level 9. HP: 7/75 MP: 9/9
  6570 | D:6      | Noticed Pikel
  6593 | D:6      | Killed Pikel
  6594 | D:6      | Reached skill level 9 in Axes
  6929 | D:6      | HP: 1/78 [iguana (6)]
  6945 | D:6      | Reached ** piety under Beogh
  6969 | D:6      | Identified a scroll of acquirement
  6972 | D:6      | Acquired the +3 chain mail of Muujek {rC+ Str+4 Dex-5}
  7981 | D:6      | Found a runed translucent door.
  7982 | D:6      | Noticed Crazy Yiuf
  7990 | D:6      | Killed Crazy Yiuf
  8147 | D:8      | Reached skill level 5 in Maces & Flails
  8300 | D:7      | Reached XP level 10. HP: 62/84 MP: 10/10
  8349 | D:7      | Killed an unseen horror
  8656 | D:7      | Identified the Grimoire of Hexes and Black Rituals
  8658 | D:7      | Identified the ring of Gefim {Fly Str-5 Int+6 Dex+2 Slay+3}
  8786 | D:7      | Identified the +8 short sword "Zalao" {pain, Int-3 Dex+5
                  | SInv}
  8786 | D:7      | Identified the ring "Sifom" {Fire Will- Str+2 SInv}
  8786 | D:7      | Noticed a deep elf pyromancer
  8896 | D:7      | Noticed a cyclops
  8928 | D:8      | Found a runed translucent door.
  8929 | D:8      | Noticed a boulder beetle
  8929 | D:8      | Noticed indyram44's ghost (novice GrGl)
  9105 | D:7      | Noticed a cyclops
  9105 | D:7      | Noticed Menkaure
  9596 | D:8      | Found a runed translucent door.
 10549 | D:8      | Found a runed translucent door.
 10754 | D:9      | Reached *** piety under Beogh
 10965 | D:10     | Entered Level 10 of the Dungeon
 10990 | D:9      | Found a blossoming altar of Fedhas.
 11599 | D:9      | Found a burning altar of Makhleb.
 12183 | D:9      | Reached skill level 1 in Throwing
 12189 | D:9      | Reached XP level 11. HP: 93/93 MP: 11/11
 12578 | D:10     | Reached skill level 10 in Axes
 12608 | D:10     | Noticed Nergalle
 12657 | D:9      | Slain by a troll

Illustrated notes

Levels and vault maps discovered:
D:1:      lightli_arrival_quake, layout_basic, minmay_misc_feat_five,
          nrook_campfire, minmay_tiny_reverse_x
D:2:      layout_loops_ring, st_stairs_4, hangedman_glass_teeth,
          kennysheep_donut, guppyfry_early_orc_mine, uniq_jessica
D:3:      layout_loops_corners, hellmonk_ecumenical_altar_crossroads,
          uniq_sigmund
D:4:      layout_cave_pods, minmay_temple_entry_wispy, minmay_joined_circles,
          uniq_robin, uniq_edmund
D:5:      layout_loops_cross, grunt_tough_drop
D:6:      layout_loops_ring, small_statue_intersection, st_stairs_5,
          uniq_blork_the_orc, uniq_eustachio, uniq_pikel,
          uniq_crazy_yiuf_cottage
D:7:      minmay_the_grid_octo_2x2 [minmay_the_grid_octo_vomiting_pacman,
          minmay_the_grid_octo_fat_diamond, minmay_the_grid_octo_clover,
          minmay_the_grid_octo_prize_ultimate_mussel_roller],
          layout_loops_corners, dk_yredelemnul_ordeal, uniq_menkaure
D:8:      cheibrodos_histonic, layout_basic, ebering_ghost_inner_flame,
          serial_bayou_ford_a
D:9:      layout_stronghold, fedhas_ov_isle_minmay, bloody_makhleb
D:10:     layout_big_octagon, nicolae_wu_jian_immortal_techniques, orc_0_dummy,
          serial_rivers, chequers_serial_rivers_micro_b,
          chequers_serial_rivers_micro_b, chequers_serial_rivers_small_b,
          chequers_serial_rivers_room_a, kennysheep_pointless_box, uniq_nergalle
Temple:   dpeg_five_rooms_temple

Skill      XL: |  1  2  3  4  5  6  7  8  9 10 11 |
---------------+----------------------------------+-----
Axes           | 3 4 5 6 8 9 10 | 10.0
Armour         | 4 5 6 7 9 |  9.4
Shields        | 4 5 6 7 8 |  8.3
Fighting       | 4 5 6 7 8 |  8.1
Maces & Flails | 2 4 5 7 |  7.9
Dodging        | 1 2 3 |  3.1
Evocations     | 1 2 |  2.5
Throwing       | 1 |  1.1
Polearms       | |  0.1
Stealth        | |  0.7

Action                   |  1- 3 |  4- 6 |  7- 9 | 10-12 || total
-------------------------+-------+-------+-------+-------++-------
Melee: War axe           |    73 |   155 |   122 |       ||   350
       Flail             |       |     5 |   232 |   192 ||   429
       Hand axe          |       |       |    30 |   103 ||   133
       Whip              |       |       |    12 |       ||    12
       Spear             |       |       |       |     8 ||     8
       Trident           |       |       |       |     4 ||     4
Throw: Stone             |       |       |       |    11 ||    11
       Dart              |       |       |       |     5 ||     5
Invok: Convert to Beogh  |       |     1 |       |       ||     1
Evoke: Wand              |       |       |    25 |     6 ||    31
  Use: Potion            |       |     1 |     4 |     1 ||     6
       Scroll            |       |       |     9 |       ||     9
 Stab: Distracted        |       |       |       |     1 ||     1
Armor: Scale mail        |    48 |    12 |       |       ||    60
       Chain mail        |       |    99 |   168 |   185 ||   452
Dodge: Dodged            |    46 |    43 |   112 |    76 ||   277
Block: Kite shield       |    49 |   101 |   233 |   199 ||   582

Table legend: (Time is in decaauts)
 A = Elapsed time spent in this place.
 B = Non-inter-level travel time spent in this place.
 C = Inter-level travel time spent in this place.
 D = Time resting spent in this place.
 E = Time spent auto-exploring this place.
 F = Levels seen in this place.
 G = Mean time per level.
                   A        B        C        D        E       F      G
               +--------+--------+--------+--------+--------+-----+--------+
         Total |  12912 |  12475 |    437 |    557 |   8855 |  11 | 1173.8 |
       Dungeon |  12619 |  12212 |    407 |    557 |   8594 |  10 | 1261.9 |
        Temple |    292 |    262 |     30 |      0 |    261 |   1 |  292.0 |
               +--------+--------+--------+--------+--------+-----+--------+

Top non-repeatable levels by time:
     D:8: 1897 daAuts
     D:5: 1850 daAuts
     D:9: 1803 daAuts
     D:6: 1624 daAuts
     D:4: 1361 daAuts
     D:2: 1299 daAuts
     D:1: 942 daAuts
     D:3: 922 daAuts
     D:7: 861 daAuts
  Temple: 292 daAuts
    D:10: 57 daAuts
